 Dungeon Crawl Stone Soup version 0.28-a0-724-g66f9036eb4 (webtiles) character file.

Game seed: 10825054318449907147

16 flotson the Sneak (level 2, 0/24 HPs)
             Began as a Demonspawn Delver on Oct 26, 2021.
             Was an Initiate of Gozag.
             Slain by a kobold (2 damage)
             ... on level 1 of the Dungeon.
             The game lasted 00:02:25 (1019 turns).

flotson the Sneak (Demonspawn Delver)               Turns: 1019, Time: 00:02:26

Health: 0/24       AC:  3    Str: 12    XL:     2   Next: 41%
Magic:  2/2        EV: 12    Int: 11    God:    Gozag
Gold:   77         SH:  0    Dex: 14    Spells: 0/1 levels left

rFire   . . .      SeeInvis .   h - +0 triple sword
rCold   . . .      Faith    .   (shield currently unavailable)
rNeg    . . .      Spirit   .   b - +0 leather armour
rPois   .          Reflect  .   (no helmet)
rElec   .          Harm     .   (no cloak)
rCorr   .          Rampage  .   (no gloves)
Will    .....                   (no boots)
Stlth   ++........              (no amulet)
HPRegen 0.08/turn               (no ring)
MPRegen 0.08/turn               (no ring)

@: no status effects
A: demonic magic 1
a: Renounce Religion, Potion Petition, Call Merchant, Bribe Branch


You were on level 1 of the Dungeon.
You worshipped Gozag.
Gozag was noncommittal.
You visited 2 branches of the dungeon, and saw 6 of its levels.

You collected 99 gold pieces.
You paid 22 gold pieces to Gozag.

Inventory:

Hand Weapons
 a - a +0 hand axe
 h - a +0 triple sword (weapon)
Missiles
 e - 2 boomerangs of dispersal (quivered)
Armour
 b - a +0 leather armour (worn)
Wands
 d - a wand of acid (9)
 g - a wand of digging (3)
Scrolls
 c - a scroll of fog
Potions
 i - a potion of lignification {unknown}


   Skills:
 + Level 3.1 Fighting
 + Level 2.0 Axes
 + Level 0.5 Armour
 + Level 2.0 Dodging
 - Level 4.5 Stealth
 + Level 0.1 Summonings
 + Level 0.7 Evocations


You couldn't memorise any spells.
You knew the following spells:

 Your Spells              Type           Power      Damage    Failure   Level
a - Summon Small Mammal   Summ           0%         N/A       41%         1

Your spell library contained the following spells:

 Spells                   Type           Power      Damage    Failure   Level
 Call Canine Familiar     Summ           0%         N/A       78%         3
 Summon Guardian Golem    Hex/Summ       0%         N/A       80%         3


Dungeon Overview and Level Annotations

Branches:
Dungeon (5/15)             Temple (1/1) D:5

Altars:
Ashenzari
Dithmenos
Elyvilon
Gozag
Hepliaklqana
Kikubaaqudgha
Makhleb
Nemelex Xobeh
Okawaru
Sif Muna
Vehumet
Wu Jian
Zin


Innate Abilities, Weirdness & Mutations

Spells you cast may paralyse adjacent enemies.


Message History

* * * LOW HITPOINT WARNING * * *
The ball python constricts you.
It was a potion of curing.
You feel better. The ball python bites you. The ball python constricts you.
You closely miss the ball python. The ball python misses you.
The ball python constricts you. The ball python barely misses you.
The ball python constricts you.
You closely miss the ball python. The ball python bites you.
* * * LOW HITPOINT WARNING * * *
The ball python constricts you.
The ball python bites you but does no damage.
The ball python constricts you.
You slash the ball python!
You kill the ball python!
The kobold is distracted by your dazzling golden aura.
The kobold is no longer distracted by gold.
Found an escape hatch in the floor.
The kobold throws a stone.
The stone closely misses you.
An endoplasm comes into view.
Found 2 gold pieces.
Found a leather armour.
A kobold is nearby!
The kobold throws a stone.
The stone completely misses you.
Throw: 2 boomerangs (disperse)
Press: ? - help, Q - select action, (/) - cycle Shift-Dir - straight line, f - kobold
Aim: a kobold, wielding a +2 vampiric dagger and quivering stones (51% to hit)
Okay, then.
Throw: 2 boomerangs (disperse)
Press: ? - help, Q - select action, (/) - cycle Shift-Dir - straight line, f - kobold
Aim: a kobold, wielding a +2 vampiric dagger and quivering stones (51% to hit)
Okay, then.
Your leather armour prevents you from hitting the kobold.
The kobold hits you with a +2 vampiric dagger.
* * * LOW HITPOINT WARNING * * *
The kobold hits you with a +2 vampiric dagger.
* * * LOW HITPOINT WARNING * * *
You barely miss the kobold. The kobold hits you but does no damage.
The kobold hits you with a +2 vampiric dagger.
You die...
Your body crumbles into a pile of gold.

### #.....# ..##
#.###.# $.>#
##.###.#####..##J#
...................
..........K....#
.##########.##....
##.## # #
#...#####.##.##
#.#.K@.........
#...#####.##...
##### .. #.. [. .


You could see a kobold.

Vanquished Creatures
  A dart slug (D:2)
  A ball python (D:1)
  An endoplasm (D:4)
  A giant cockroach (D:1)
  A goblin (D:1)
  4 hobgoblins
  A quokka (D:2)
  A bat (D:2)
  A frilled lizard (D:3)
12 creatures vanquished.

Vanquished Creatures (others)
  A plant (D:3)
1 creature vanquished.

Grand Total: 13 creatures vanquished

Notes
Turn   | Place    | Note
-------+----------+-------------------------------------------
     0 | D:5      | flotson the Demonspawn Delver began the quest for the Orb.
     0 | D:5      | Reached XP level 1. HP: 18/18 MP: 1/1
    21 | D:5      | Found a staircase to the Ecumenical Temple.
    29 | Temple   | Entered the Ecumenical Temple
   219 | Temple   | Became a worshipper of Gozag Ym Sagoz the Greedy
   634 | D:5      | Noticed a phantom
   685 | D:4      | Noticed an orc wizard
   832 | D:2      | Gained mutation: Spells you cast may paralyse adjacent
                  | enemies. [demonic ancestry]
   832 | D:2      | Reached XP level 2. HP: 22/24 MP: 2/2
   895 | D:2      | Learned a level 1 spell: Summon Small Mammal
   992 | D:1      | HP: 1/24 [ball python (3)]
  1019 | D:1      | Slain by a kobold

Illustrated notes

Levels and vault maps discovered:
D:1:      onia_arrival_handbag, layout_loops_ring
D:2:      layout_rooms, serial_bayou_pond_c, corner_web_ring,
          grunt_ministairs_4, minmay_pentomino_q4, uniq_robin
D:3:      layout_basic, fedhas_altar_3, serial_bayou, serial_bayou_pond_a,
          serial_bayou_shore_a, serial_bayou_lake_a, serial_bayou_pond_a,
          hellmonk_ecumenical_altar_arch_garden
D:4:      layout_layer_cave, elyvilon_altar_1, wad_orctagon,
          uniq_crazy_yiuf_cottage, uniq_blork_the_orc
D:5:      kennysheep_big_flooded_room, layout_basic, yredelemnul_altar_generic,
          grunt_qazlal_clouds, minmay_temple_entry_junction, minmay_starry_boxes
Temple:   chequers_temple_sunken

Skill      XL: |  1  2 |
---------------+-------+-----
Dodging        | 2 |  2.0
Axes           | 2 |  2.0
Fighting       | |  3.1
Armour         | |  0.5
Stealth        | |  4.5
Summonings     | |  0.1
Evocations     | |  0.7

Action                   || total
-------------------------++-------
Melee: Triple sword      ||    47
  Use: Scroll            ||     2
       Potion            ||     2
 Stab: Sleeping          ||     1
Armor: Leather armour    ||    20
Dodge: Dodged            ||    47

Table legend: (Time is in decaauts)
 A = Elapsed time spent in this place.
 B = Non-inter-level travel time spent in this place.
 C = Inter-level travel time spent in this place.
 D = Time resting spent in this place.
 E = Time spent auto-exploring this place.
 F = Levels seen in this place.
 G = Mean time per level.
                   A        B        C        D        E       F      G
               +--------+--------+--------+--------+--------+-----+--------+
         Total |   1092 |   1038 |     54 |    276 |    459 |   6 |  182.0 |
       Dungeon |    828 |    817 |     11 |    276 |    250 |   5 |  165.6 |
        Temple |    263 |    220 |     43 |      0 |    209 |   1 |  263.0 |
               +--------+--------+--------+--------+--------+-----+--------+

Top non-repeatable levels by time:
     D:5: 461 daAuts
  Temple: 263 daAuts
     D:2: 161 daAuts
     D:4: 103 daAuts
     D:1: 84 daAuts
     D:3: 18 daAuts
